 Dungeon Crawl Stone Soup version 0.30.1-9-gdf580d7c3d (webtiles) character file.

Game seed: 16246735194604274945

163 AceoftheBlades the Cutter (level 5, 0/33 HPs)
             Began as a Kobold Berserker on Sept 23, 2023.
             Was a Follower of Trog.
             Slain by an orc
             ... wielding a +0 club
              (2 damage)
             ... on level 4 of the Dungeon on Sept 24, 2023.
             The game lasted 00:50:03 (2416 turns).

AceoftheBlades the Cutter (Kobold Berserker)        Turns: 2416, Time: 00:50:03

Health: 0/33       AC:  3    Str: 16    XL:     5   Next: 72%
Magic:  5/5        EV: 14    Int:  9    God:    Trog [*.....]
Gold:   116        SH:  0    Dex: 14    Spells: 4/4 levels left

rFire   . . .        i - +4 flail
rCold   . . .        (no shield)
rNeg    . . .        g - +0 leather armour
rPois   .            (no helmet)
rElec   .            (no cloak)
rCorr   .            (no gloves)
SInv    .            (no boots)
Will    .....        (no amulet)
Stlth   +++          (no ring)
HPRegen 0.25/turn    (no ring)
MPRegen 0.09/turn

%: no passive effects
@: mighty
A: small, no large weapons, nightstalker 3
a: Renounce Religion, Berserk


You were on level 4 of the Dungeon.
You worshipped Trog.
Trog was aware of your devotion.
You visited 1 branch of the dungeon, and saw 5 of its levels.

You collected 116 gold pieces.

Inventory:

Hand Weapons
 a - a +0 short sword
 h - a +0 whip
 i - a +4 flail (weapon)
 j - a +0 sling
Missiles
 c - 4 javelins
 l - 6 stones
Armour
 b - a +0 animal skin
 g - a +0 leather armour (worn)
Scrolls
 d - 2 scrolls of identify
 f - 2 scrolls of teleportation
Potions
 k - a potion of curing


   Skills:
 + Level 4.1 Fighting
 + Level 5.1 Short Blades
 + Level 1.3 Throwing
 + Level 2.3 Armour
 + Level 3.0 Dodging
 + Level 2.7 Stealth


You had 4 spell levels left.
You didn't know any spells.
Your spell library was empty.

Dungeon Overview and Level Annotations

Branches:
Dungeon (5/15)
 Temple: D:4-7

Altars:
Trog

Annotations:
D:2 Sigmund
D:3 Jessica
D:4 3 runed translucent doors, bairyn's ghost, amateur DESu


Innate Abilities, Weirdness & Mutations

You are small and have problems with some larger weapons.
You are completely attuned to the shadows.


Message History

The floor.
An endoplasm comes into view.
Press: ? - help, . - travel You can't see that place.
The helpless endoplasm fails to defend itself.
You thump the endoplasm!
You kill the endoplasm!
Trog accepts your kill.
There is an open door here.
Found a ring mail.
There is an open door here.
An orc comes into view.
It is wielding a +2 flail of holy wrath.
Press: ? - help, v - describe, . - travel
Here: an orc, wielding a +2 flail of holy wrath (wandering, hasn't noticed you)
The floor.
The orc shouts!
You hear a shout!
An orc comes into view. It is wielding a +0 club.
You hear a shout!
You barely miss the orc.
The orc hits you with a +2 flail of holy wrath.
An orc comes into view. It is wielding a +0 dagger.
The orc barely misses you.
You barely miss the orc.
The orc hits you with a +2 flail of holy wrath!
The orc attacks as you move away! The orc hits you with a +0 club.
The orc attacks as you move away!
The orc hits you with a +2 flail of holy wrath.
The orc attacks as you move away!
The orc hits you with a +2 flail of holy wrath!
* * * LOW HITPOINT WARNING * * *
There is an open door here.
The orc attacks as you move away! The orc misses you.
The orc attacks as you move away!
The orc hits you with a +2 flail of holy wrath.
* * * LOW HITPOINT WARNING * * *
Okay, then.
Unknown command.
You feel very mighty all of a sudden.
You barely miss the orc. The orc misses you. The orc hits you with a +0 club.
You die...

..# ######### ..# #.......# ..#
#.......# ..# #.......#
..###############....##.......#
...............##....##.......###
...............#......#.......#..
...............#o.....#.......#.#
..............oo@.....'..........
...............#......#..........
.....>......####.[....#....###+++
........#....# #############.W...
........#....# #....(
........#....# ..(..
........###'#### #####'### #....#
#### ..# ####.##....


You could see 3 orcs.

Vanquished Creatures
  A hound (D:4)
  A sleepcap (D:5)
  A jelly (D:4)
  An iguana (D:5)
  An adder (D:3)
  A worm (D:3)
  2 dart slugs
  3 orcs
  5 ball pythons
  A bat (D:3)
  2 endoplasms
  A giant cockroach (D:3)
  2 goblins
  5 hobgoblins
  2 quokkas
  2 frilled lizards
  2 kobolds
33 creatures vanquished.

Notes
Turn   | Place    | Note
-------+----------+-------------------------------------------
     0 | D:1      | AceoftheBlades the Kobold Berserker began the quest for the
                  | Orb.
     0 | D:1      | Reached XP level 1. HP: 14/14 MP: 1/1
    52 | D:1      | Found a faded altar of an unknown god.
   182 | D:1      | Reached XP level 2. HP: 19/19 MP: 2/2
   947 | D:2      | Noticed Sigmund
  1069 | D:3      | Reached skill level 1 in Stealth
  1069 | D:3      | Reached XP level 3. HP: 20/24 MP: 3/3
  1185 | D:3      | Noticed Jessica
  1458 | D:3      | You fall into a shaft and drop 2 floors!
  1458 | D:5      | Entered Level 5 of the Dungeon
  1459 | D:5      | Upgraded the game from 0.30.1-8-g117510f58f to
                  | 0.30.1-9-gdf580d7c3d
  1505 | D:5      | Found a bloodstained altar of Trog.
  1566 | D:5      | Noticed a black bear
  1693 | D:5      | Reached XP level 4. HP: 29/29 MP: 4/4
  2009 | D:5      | Noticed an ogre
  2116 | D:4      | Reached skill level 5 in Short Blades
  2116 | D:4      | Reached XP level 5. HP: 33/33 MP: 5/5
  2210 | D:4      | Reached skill level 1 in Throwing
  2377 | D:4      | Found a runed translucent gate.
  2377 | D:4      | Noticed bairyn's ghost (amateur DESu)
  2379 | D:4      | Found a runed translucent gate.
  2380 | D:4      | Found a runed translucent gate.
  2416 | D:4      | Slain by an orc

Illustrated notes

Levels and vault maps discovered:
D:1:      scummos_arrival_checkerplants, layout_loops_ring,
          dreamdust_ecumenical_altar_angels_and_demons
D:2:      layout_rooms, uniq_sigmund
D:3:      layout_basic, serial_bayou_lake_a, uniq_jessica
D:4:      layout_basic, ebering_ghost_rock_garden,
          minmay_a_box_with_orc_wizards_in_it
D:5:      layout_basic, mainiacjoe_overflow_catwalk,
          minmay_temple_entry_large_hall, serial_corexii_hall,
          corexii_hall_statues_u, corexii_hall_statues_u,
          chequers_hall_statues_wall_a, corexii_hall_statues_x,
          nicolae_kite_square_tiling_tiny

Skill      XL: |  1  2  3  4  5 |
---------------+----------------+-----
Stealth        | 1 2 |  2.7
Fighting       | 4 |  4.1
Short Blades   | 5 |  5.1
Armour         | 2 |  2.3
Dodging        | 3 |  3.0
Throwing       | 1 |  1.3

Action                     |  1- 3 |  4- 6 || total
---------------------------+-------+-------++-------
  Melee: Short sword       |   116 |    11 ||   127
         Punch             |     1 |       ||     1
         Flail             |       |    24 ||    24
  Throw: Stone             |       |     1 ||     1
 Invoke: Berserk           |     1 |       ||     1
    Use: Potion            |     4 |     1 ||     5
         Scroll            |     3 |     2 ||     5
   Stab: Sleeping          |     8 |     4 ||    12
 Armour: Animal skin       |     2 |       ||     2
         Leather armour    |     9 |     4 ||    13
  Dodge: Dodged            |    66 |    24 ||    90
